 Dungeon Crawl Stone Soup version 0.20-a0-924-gfa95efa (webtiles) character file.

163 Herrn the Magician (level 5, 0/45 HPs)
             Began as a Naga Wizard on Mar 27, 2017.
             Slain by a scorpion (6 damage)
             ... on level 4 of the Dungeon.
             The game lasted 00:06:49 (2563 turns).

Herrn the Magician (Naga Wizard)                    Turns: 2563, Time: 00:06:50

Health: 0/45       AC:  2    Str: 11    XL:     5   Next: 44%
Magic:  5/11       EV: 10    Int: 18    God:
Gold:   126        SH:  0    Dex:  9    Spells: 12/13 levels left

rFire    . . .     SeeInvis +   m - +1 hand axe (flame)
rCold    . . .     Gourm    .   (no shield)
rNeg     . . .     Faith    .   a - +0 robe
rPois    +         Spirit   .   b - +0 hat
rElec    .         Reflect  .   (no cloak)
rCorr    .         Harm     .   (no gloves)
MR       .....                  (no barding)
Stlth    +++.......             (no amulet)
Regen    0.2/turn               g - ring of stealth
MPRegen  0.2/turn               (no ring)

@: lethally poisoned (0 -> -20), short of breath, very slightly contaminated,
hasted, quick
A: see invisible, deformed body, poison resistance, slowness 2, slow metabolism
1, spit poison 1, AC +1
a: Spit Poison


You were on level 4 of the Dungeon.
You were not hungry.

You visited 1 branch of the dungeon, and saw 4 of its levels.

You collected 126 gold pieces.

Inventory:

Hand Weapons
 m - a +1 hand axe of flaming (weapon)
 n - a +0 short sword
Armour
 a - a +0 robe (worn)
 b - a +0 hat (worn)
 j - a +0 plate armour
Jewellery
 g - a ring of stealth (left hand)
Scrolls
 e - 2 scrolls of identify
 h - a scroll of teleportation
 i - 2 scrolls of enchant weapon
 k - a scroll of amnesia {unknown}
 l - a scroll of blinking {unknown}
 o - 6 scrolls of remove curse
Books
 c - a book of Minor Magic

   Spells                             Type                      Level
   a - Magic Dart                     Conjuration                  1
   b - Blink                          Translocation                2
   c - Call Imp                       Summoning                    2
   d - Slow                           Hexes                        2
   e - Conjure Flame                  Conjuration/Fire             3
   f - Mephitic Cloud                 Conjuration/Poison/Air       3
Comestibles
 d - 2 bread rations
 f - a meat ration
 q - 2 chunks of flesh


   Skills:
 * Level 2.0 Fighting
 * Level 0.8 Axes
 + Level 2.1 Dodging
 - Level 3.0 Stealth
 + Level 4.6 Spellcasting
 + Level 1.3 Conjurations
   Level 1.0 Summonings
   Level 1.0 Translocations


You had 12 spell levels left.
You knew the following spells:

 Your Spells              Type           Power        Failure   Level  Hunger
a - Magic Dart            Conj           #...         12%         1    None


Dungeon Overview and Level Annotations

Branches:
Dungeon (4/15)
 Temple: D:4-7

Altars:
The Shining One

Annotations:
D:3 Shimatora's ghost, amateur DECj


Innate Abilities, Weirdness & Mutations

You cannot wear boots.
Your serpentine skin is tough. (AC +1)
You have supernaturally acute eyesight. (SInv)
Armour fits poorly on your strangely shaped body.
Your system is resistant to poisons. (rPois)
You cover ground very slowly.
You have a slow metabolism.
You can spit poison.


Message History

The scorpion barely misses you.
Press: ? - help, Shift-Dir - straight line, f/p - scorpion
Aim: a scorpion (lightly wounded)
The splash of poison hits the scorpion.
The scorpion is poisoned.
The scorpion is heavily wounded.
You feel slightly more hungry.
You feel sick. The scorpion stings you.
Unknown command.
It was a potion of haste.
You feel yourself speed up.
You feel sick. The scorpion stings you.
* * * LOW HITPOINT WARNING * * *
You hit the scorpion but do no damage.
The scorpion is severely wounded.
* * * LOW HITPOINT WARNING * * *
You feel sick. The scorpion stings you.
* * * LOW HITPOINT WARNING * * *
You closely miss the scorpion.
The scorpion is severely wounded.
* * * LOW HITPOINT WARNING * * *
You feel sick. The scorpion stings you.
You die...

## ##.### #.#
##.# #.. ##.##
#.# #..## ..#
#.## #.# ###.##
#.## ##.# ##.#
##.< #..###.##
#..# #.. #.....##
#.## ##.#
##..#..## ##.#
#.^# #..###s.##
##..# #..# #..#
##@.###.÷.# ##)##
##.## ##..##...#
#..# . #..#
##......#####..##
. #..#
##.............#
.. ##w##
##.............
.. ##..#
#.#######..###
... ##...# #..#
##.# ...###....#
#..# #.#
#..†#.....#. #..#
#.#


You could see a scorpion.

Vanquished Creatures
  A howler monkey (D:4)
  2 orc wizards
  An adder (D:4)
  4 dart slugs
  2 leopard geckos
  4 orcs
  2 giant cockroaches (D:1)
  5 goblins
  A hobgoblin (D:1)
  4 jackals (D:1)
  6 bats
  5 frilled lizards
  6 kobolds
  A quokka zombie (D:4)
  6 rats
50 creatures vanquished.

Notes
Turn   | Place    | Note
-------+----------+-------------------------------------------
     0 | D:1      | Herrn the Naga Wizard began the quest for the Orb.
     0 | D:1      | Reached XP level 1. HP: 15/15 MP: 4/4
   296 | D:1      | Reached XP level 2. HP: 24/24 MP: 6/6
   788 | D:1      | Reached skill level 1 in Fighting
   788 | D:1      | Reached XP level 3. HP: 29/31 MP: 2/8
  1585 | D:3      | Found a glowing golden altar of the Shining One.
  1634 | D:3      | Reached skill level 4 in Spellcasting
  1634 | D:3      | Reached XP level 4. HP: 18/38 MP: 7/10
  1821 | D:3      | Noticed Shimatora's ghost (amateur DECj)
  2360 | D:4      | Reached XP level 5. HP: 42/45 MP: 5/11
  2563 | D:4      | Slain by a scorpion

Vault maps used:
D:1:      minmay_arrival_cross, serial_curves, eino_curves_02, eino_curves_04
D:3:      lemuel_crystal_altar
D:4:      first_bread, makhleb_heckhound_becter

Skill      XL: |  1  2  3  4  5 |
---------------+----------------+-----
Fighting       | 1 2 |  2.0
Spellcasting   | 4 |  4.6
Dodging        | 2 |  2.1
Axes           | |  0.8
Stealth        | |  3.0
Conjurations   | |  1.3
Summonings     | |  1.0
Translocations | |  1.0

Action                   |  1- 3 |  4- 6 || total
-------------------------+-------+-------++-------
Melee: Hand axe          |       |     5 ||     5
 Cast: Magic Dart        |    32 |    25 ||    57
 Abil: Spit Poison       |    36 |    11 ||    47
  Use: Potion            |     1 |     2 ||     3
       Scroll            |       |     3 ||     3
  Eat: Chunk             |     3 |       ||     3
       Meat ration       |       |     1 ||     1
Armor: Robe              |     4 |       ||     4
Dodge: Dodged            |     9 |     6 ||    15
